 Dungeon Crawl Stone Soup version 0.21.1-1-g345015f (webtiles) character file.

35 Fang the Skirmisher (level 3, -7/24 HPs)
             Began as a Gargoyle Berserker on Apr 23, 2018.
             Was a Believer of Trog.
             Mangled by Sigmund
             ... wielding a cursed -3 scythe
              (12 damage)
             ... on level 2 of the Dungeon.
             The game lasted 00:01:13 (1206 turns).

Fang the Skirmisher (Gargoyle Berserker)            Turns: 1206, Time: 00:01:14

Health: -7/24      AC:  5    Str: 21    XL:     3   Next: 33%
Magic:  3/3        EV: 12    Int:  7    God:    Trog [**....]
Gold:   76         SH:  0    Dex:  9    Spells: 2/2 levels left

rFire    . . .     SeeInvis .   a - +0 hand axe
rCold    . . .     Gourm    .   (no shield)
rNeg     + . .     Faith    .   b - +0 animal skin
rPois    ∞         Spirit   .   (no helmet)
rElec    +         Reflect  .   (no cloak)
rCorr    .         Harm     .   (no gloves)
MR       .....                  (no boots)
Stlth    +.........             (no amulet)
HPRegen  0.08/turn              d - ring of poison resistance
MPRegen  0.08/turn              (no ring)

@: confused, berserk cooldown, slowed, very slow
A: negative energy resistance 1, electricity resistance, unbreathing,
petrification resistance, rot immunity, AC +3
a: Berserk, Trog's Hand, Burn Spellbooks, Renounce Religion


You were on level 2 of the Dungeon.
You worshipped Trog.
Trog was pleased with you.
You were near starving.

You visited 1 branch of the dungeon, and saw 2 of its levels.

You collected 76 gold pieces.

Inventory:

Hand Weapons
 a - a +0 hand axe (weapon)
Armour
 b - a +0 animal skin (worn)
Jewellery
 d - a ring of poison resistance (left hand)
Scrolls
 e - 2 scrolls of remove curse {unknown}
 f - a scroll of fear {unknown}
 g - 5 scrolls of teleportation {unknown}
 i - a scroll of enchant armour {unknown}
 k - a scroll of identify {unknown}
Potions
 h - 2 potions of lignification {unknown}
 j - a potion of brilliance {unknown}
 l - a potion of curing {unknown}
 m - a potion of haste {unknown}
Comestibles
 c - 2 rations


   Skills:
 + Level 3.7 Fighting
 + Level 3.2 Axes
 + Level 2.3 Armour
 + Level 1.8 Dodging
 * Level 0.6 Stealth


You had 2 spell levels left.
You didn't know any spells.

Dungeon Overview and Level Annotations

Branches:
Dungeon (2/15)

Altars:
Fedhas
Nemelex Xobeh
Trog

Annotations:
D:2 Sigmund


Innate Abilities, Weirdness & Mutations

You are resistant to torment.
Your stone body is resilient. (AC +3)
You are immune to poison.
You resist negative energy. (rN+)
You are resistant to electric shocks. (rElec)
You can survive without breathing.
You are immune to petrification.
You are immune to rotting.


Message History

You closely miss something. Something hits you but does no damage.
You barely miss something. You miss something. You slash something!
Something hits you.
You closely miss something.
You are no longer berserk.
You are exhausted.
You feel yourself slow down.
You closely miss something.
You hear some strange, mumbled words.
A magic dart appears from out of thin air!
The magic dart hits you! Something barely misses you.
You closely miss something.
You hear some strange, mumbled words.
You are confused.
You closely miss something. Something hits you!
* * * LOW HITPOINT WARNING * * *
Something hits you!
Ouch! That really hurt!
You die...

.#
#....[...####..[.##..###..##.
.#
##...>.............##).#..##..
.#
#.........########...........#
.# #.........# #############
.# #.........# .# #...#.#.###
.# #........########### .#
#..........(...{...##
.###...†........@....(..?
.............########.###
####.........# # #.........#
#........## #......(.#
##########


There were no monsters in sight!

Vanquished Creatures
  An adder (D:2)
  3 bats (D:1)
  A giant cockroach (D:1)
  3 goblins (D:1)
  2 hobgoblins
  A quokka (D:2)
  6 frilled lizards
  4 kobolds (D:1)
  5 rats (D:1)
26 creatures vanquished.

Notes
Turn   | Place    | Note
-------+----------+-------------------------------------------
     0 | D:1      | Fang the Gargoyle Berserker began the quest for the Orb.
     0 | D:1      | Reached XP level 1. HP: 14/14 MP: 1/1
   142 | D:1      | Reached XP level 2. HP: 13/19 MP: 2/2
   423 | D:1      | Reached ** piety under Trog
   829 | D:2      | Reached XP level 3. HP: 23/24 MP: 3/3
  1053 | D:2      | Found a sparkling altar of Nemelex Xobeh.
  1053 | D:2      | Found a bloodstained altar of Trog.
  1054 | D:2      | Found a blossoming altar of Fedhas.
  1186 | D:2      | Noticed Sigmund
  1206 | D:2      | Mangled by Sigmund

Skill      XL: |  1 |
---------------+----+-----
Axes           | 3 |  3.2
Fighting       | |  3.7
Armour         | |  2.3
Dodging        | |  1.8
Stealth        | |  0.6

Action                   || total
-------------------------++-------
Melee: Hand axe          ||    95
Invok: Berserk           ||     1
Armor: Animal skin       ||    31
Dodge: Dodged            ||    56
